 Dungeon Crawl Stone Soup version 0.29.1-12-g30fa7ad0bf (webtiles) character file.

Game seed: 16986783112130976936

49 hawla the Chiller (level 4, -4/33 HPs)
             Began as a Meteoran Ice Elementalist on Jan 8, 2023.
             Slain by a gnoll
             ... wielding a +0 flail
              (11 damage)
             ... on level 1 of the Dungeon.
             The game lasted 00:02:41 (219 turns).

hawla the Chiller (Meteoran Ice Elementalist)        Turns: 219, Time: 00:02:41

Health: -4/33      AC:  3    Str:  9    XL:     4   Next: 20%
Magic:  2/10       EV: 13    Int: 18    God:
Gold:   26         SH:  0    Dex: 15    Spells: 6/10 levels left

rFire   . . .      SeeInvis .   (no weapon)
rCold   . . .      Faith    .   (no shield)
rNeg    . . .      Spirit   .   a - +1 robe
rPois   .          Reflect  .   (no helmet)
rElec   .          Harm     .   (no cloak)
rCorr   .          Rampage  .   (no gloves)
Will    .....                   (no boots)
Stlth   +.........              (no amulet)
HPRegen 0.11/turn               (no ring)
MPRegen 0.12/turn               (no ring)

@: glowing
A: sense surroundings 1, otherworldly, glowing, explore regen
a: no special abilities


You were on level 1 of the Dungeon.
You visited 1 branch of the dungeon, and saw 2 of its levels.

You collected 26 gold pieces.

Inventory:

Armour
 a - a +1 robe (worn)
Scrolls
 c - a scroll of amnesia
Potions
 b - a potion of ambrosia {unknown}
 d - a potion of flight {unknown}


   Skills:
 + Level 0.2 Fighting
 + Level 2.7 Dodging
 - Level 1.4 Stealth
 + Level 3.6 Spellcasting
 + Level 5.1 Ice Magic


You had 6 spell levels left.
You knew the following spells:

 Your Spells              Type           Power      Damage    Failure   Level
a - Freeze                Ice            88%        1d10      1%          1
b - Frozen Ramparts       Ice            44%        1d7       5%          3

Your spell library contained the following spells:

 Spells                   Type           Power      Damage    Failure   Level
 Ozocubu's Armour         Ice            22%        N/A       5%          3
 Beastly Appendage        Tmut           6%         N/A       16%         1
 Shock                    Conj/Air       12%        1d3       16%         1
 Wereblood                Tmut           3%         N/A       22%         2
 Gell's Gravitas          Tloc           3%         N/A       41%         3
 Spider Form              Tmut/Pois      3%         N/A       41%         3
 Swiftness                Air            3%         N/A       41%         3
 Teleport Other           Tloc           3%         N/A       41%         3
 Hailstorm                Conj/Ice       12%        3d5       45%         4
 Airstrike                Air            1%         2d(1-17)  83%         4
 Dispersal                Tloc           1%         N/A       100%        6


Dungeon Overview and Level Annotations

Branches:
Dungeon (2/15) Zot: 979

Altars:


Innate Abilities, Weirdness & Mutations

You passively map a small area around you.
You are easily found by Zot.
You glow in the dark.
You regain HP and MP as you explore.


Message History

Aiming: Freeze (safe; 1% risk of failure)
Press: ? - help, Shift-Dir - straight line, f - hobgoblin
Aim: a hobgoblin (almost dead, strong)
You freeze the hobgoblin.
You kill the hobgoblin!
The wall freezes Robin.
A gnoll comes into view. It is wielding a +0 halberd.
The wall freezes the hobgoblin.
Your magical contamination has completely faded away.
Casting: Freeze (safe; 1% risk of failure)
Confirm with . or Enter, or press ? or * to list all spells.
Aiming: Freeze (safe; 1% risk of failure)
Press: ? - help, Shift-Dir - straight line, f - Robin
Aim: Robin, wielding a +0 whip, wearing a +2 animal skin and wearing a +0 helmet (heavily wounded)
You freeze Robin.
Robin is heavily wounded.
A giant cockroach comes into view.
The wall freezes Robin.
Robin laughs in a distinctly smug fashion.
The wall freezes the gnoll!
The wall freezes the hobgoblin.
You kill the hobgoblin!
Casting: Freeze (safe; 1% risk of failure)
Confirm with . or Enter, or press ? or * to list all spells.
Aiming: Freeze (safe; 1% risk of failure)
Press: ? - help, Shift-Dir - straight line, f/p - Robin
Aim: Robin, wielding a +0 whip, wearing a +2 animal skin and wearing a +0 helmet (severely wounded)
You freeze Robin!
You kill Robin!
The frozen ramparts melt away.
You have reached level 4!
The gnoll barely misses you.
You climb upwards.
There is a stone staircase leading down here.
A rat comes into view.
The gnoll attacks as you move away! The gnoll closely misses you.
The gnoll attacks as you move away! The gnoll completely misses you.
The gnoll attacks as you move away! The gnoll hits you with a +0 flail!
* * * LOW HITPOINT WARNING * * *
The gnoll attacks as you move away! The gnoll hits you with a +0 flail!
You die...

*, ,.........# #.
.## #....#.#†####.
..# #............. #
... #....#.#.####.
#.#.# #......†.# #.
#.#.###...##.#.# *#[
#.........†..#†###..
###.###.............
#@# #..#####......
#g# #..# ######.
#r###>.###
#.##.....# *
#....###..#* * *
####.# ..... , #.# *
.### * #..,, .. * **
#..., .> ,


You could see a gnoll and a rat.

Vanquished Creatures
  Robin (D:2)
  2 dart slugs (D:1)
  A ball python (D:1)
  2 bats (D:1)
  2 endoplasms (D:1)
  A giant cockroach (D:1)
  8 goblins (D:2)
  6 hobgoblins
  3 jackals (D:1)
  A frilled lizard (D:1)
  A rat (D:1)
28 creatures vanquished.

Notes
Turn   | Place    | Note
-------+----------+-------------------------------------------
     0 | D:1      | hawla the Meteoran Ice Elementalist began the quest for the
                  | Orb.
     0 | D:1      | Reached XP level 1. HP: 14/14 MP: 5/5
    49 | D:1      | Reached XP level 2. HP: 5/20 MP: 2/6
   159 | D:1      | Reached XP level 3. HP: 10/26 MP: 2/8
   167 | D:1      | Reached skill level 5 in Ice Magic
   197 | D:1      | Learned a level 3 spell: Frozen Ramparts
   198 | D:2      | Noticed Robin
   209 | D:2      | Killed Robin
   210 | D:2      | Reached XP level 4. HP: 8/33 MP: 0/10
   219 | D:1      | Slain by a gnoll

Illustrated notes

Levels and vault maps discovered:
D:1:      lightli_arrival_maybe_door_vault, layout_loops_ring,
          ebering_ecumenical_altar_webs, minmay_tetromino_l2
D:2:      layout_rooms, serial_shops, nicolae_lakefront_shop, shop,
          kennysheep_path_1, minmay_vboxes, uniq_robin

Skill      XL: |  1  2  3 |
---------------+----------+-----
Spellcasting   | 3 |  3.6
Ice Magic      | 5 |  5.1
Fighting       | |  0.2
Dodging        | |  2.7
Stealth        | |  1.4

Action                   |  1- 3 |  4- 6 || total
-------------------------+-------+-------++-------
Melee: Unarmed           |     2 |       ||     2
 Cast: Freeze            |    29 |       ||    29
       Frozen Ramparts   |     1 |       ||     1
  Use: Scroll            |     3 |       ||     3
       Potion            |     1 |       ||     1
Armor: Robe              |     6 |       ||     6
Dodge: Dodged            |    13 |     3 ||    16
